TOP OF THE 1ST |
Sioux Falls Packers batting - Pitching for St. Cloud Rox : RHP Tony Becerra
|
Pitching: RHP Tony Becerra
|
|
Batting: RHB Donald Devlin
|
0-0: Ball 1-0: Fly out, F3 (Flyball, 3D, EV 85.6 MPH)
|
Batting: RHB Javier Flores
|
0-0: Ball 1-0: Fly out, F7 (Flyball, 7S, EV 81.9 MPH)
|
Batting: LHB Mike Aldrete
|
0-0: Ball 1-0: Ball 2-0: SOLO HOME RUN (Flyball, 7D, EV 95.6 MPH), Distance : 372 ft
|
Batting: SHB Dan Hanggie
|
0-0: Called Strike 0-1: Ground out 6-3 (Groundball, 6M, EV 80.6 MPH)
|
Top of the 1st over - 1 run, 1 hit, 0 errors, 0 left on base; Sioux Falls 1 - St. Cloud 0 |
BOTTOM OF THE 1ST |
St. Cloud Rox batting - Pitching for Sioux Falls Packers : LHP Miguel Reyes
|
Pitching: LHP Miguel Reyes
|
|
Batting: LHB Tim Flannery
|
0-0: SINGLE (Flyball, 3D, EV 92.5 MPH)
|
Batting: RHB Douglas Morganti
|
0-0: Ball 1-0: Ball Tim Flannery steals 2nd base 2-0: Called Strike 2-1: Ground out 6-3 (Groundball, 56, EV 80.6 MPH)
|
Batting: SHB R J Reynolds
|
0-0: Fly out, F8 (Line Drive, 8LM, EV 94.4 MPH)
|
Batting: RHB Bill Worden
|
0-0: Swinging Strike 0-1: Fly out, F7 (Flyball, 7S, EV 78.1 MPH)
|
Bottom of the 1st over - 0 runs, 1 hit, 0 errors, 1 left on base; Sioux Falls 1 - St. Cloud 0 |
TOP OF THE 2ND |
Sioux Falls Packers batting - Pitching for St. Cloud Rox : RHP Tony Becerra
|
Batting: LHB Randy Salava
|
0-0: Ground out 4-3 (Groundball, 4M, EV 87.5 MPH)
|
Batting: SHB Gary Springer
|
0-0: Ball 1-0: Called Strike 1-1: Fly out, F7 (Flyball, 78S, EV 78.8 MPH)
|
Batting: LHB Reggie West
|
0-0: Ball 1-0: Swinging Strike 1-1: Ball 2-1: Foul Ball, location: 2F 2-2: Foul Ball, location: 2F 2-2: Ground out U3 (Groundball, 34, EV 82.5 MPH)
|
Top of the 2nd over - 0 runs, 0 hits, 0 errors, 0 left on base; Sioux Falls 1 - St. Cloud 0 |
BOTTOM OF THE 2ND |
St. Cloud Rox batting - Pitching for Sioux Falls Packers : LHP Miguel Reyes
|
Batting: RHB Domingos Maravilhas
|
0-0: Fly out, F9 (Line Drive, 9, EV 97.5 MPH)
|
Batting: RHB Ron Gardenhire
|
0-0: Called Strike 0-1: SINGLE (Groundball, 6D, EV 106.3 MPH)
|
Batting: RHB Ron Gooch
|
0-0: Grounds into double play, 6-4-3 (Groundball, 6, EV 106.9 MPH)
|
Bottom of the 2nd over - 0 runs, 1 hit, 0 errors, 0 left on base; Sioux Falls 1 - St. Cloud 0 |
TOP OF THE 3RD |
Sioux Falls Packers batting - Pitching for St. Cloud Rox : RHP Tony Becerra
|
Batting: RHB Ben Amaya
|
0-0: Foul Ball, location: 2F 0-1: DOUBLE (Line Drive, 89D, EV 104.4 MPH)
|
Batting: RHB Francisco Perez
|
0-0: Ground out 6-3 (Groundball, 6, EV 76.9 MPH)
|
Batting: RHB Donald Devlin
|
0-0: Called Strike 0-1: Ball 1-1: Ball 2-1: Foul Ball, location: 2F 2-2: Ball 3-2: Foul Ball, location: 2F 3-2: Fly out, F7 (Line Drive, 7, EV 111.3 MPH)
|
Batting: RHB Javier Flores
|
0-0: Ball 1-0: Foul Ball, location: 2F 1-1: Ball 2-1: Foul Ball, location: 2F 2-2: Fly out, F8 (Flyball, 8LS, EV 70.6 MPH)
|
Top of the 3rd over - 0 runs, 1 hit, 0 errors, 1 left on base; Sioux Falls 1 - St. Cloud 0 |
BOTTOM OF THE 3RD |
St. Cloud Rox batting - Pitching for Sioux Falls Packers : LHP Miguel Reyes
|
Batting: SHB Manny Galvez
|
0-0: Fly out, F7 (Flyball, 7LM, EV 91.9 MPH)
|
Batting: RHB Carlos Amezcua
|
0-0: Fly out, F7 (Flyball, 78D, EV 85.6 MPH)
|
Batting: LHB Tim Flannery
|
0-0: Ball 1-0: Ball 2-0: Ground out 4-3 (Groundball, 34, EV 87.5 MPH)
|
Bottom of the 3rd over - 0 runs, 0 hits, 0 errors, 0 left on base; Sioux Falls 1 - St. Cloud 0 |
TOP OF THE 4TH |
Sioux Falls Packers batting - Pitching for St. Cloud Rox : RHP Tony Becerra
|
Batting: LHB Mike Aldrete
|
0-0: Ball 1-0: Foul Ball, location: 2F 1-1: Ball 2-1: Ground out U3 (Groundball, 3, EV 80.6 MPH)
|
Batting: SHB Dan Hanggie
|
0-0: Ball 1-0: Called Strike 1-1: Ball 2-1: DOUBLE (Flyball, 89D, EV 110.6 MPH)
|
Batting: LHB Randy Salava
|
0-0: Called Strike 0-1: Swinging Strike 0-2: Strikes out swinging
|
Batting: SHB Gary Springer
|
0-0: Ball 1-0: Called Strike 1-1: Ball 2-1: Foul Ball, location: 2F 2-2: Ball 3-2: Foul Ball, location: 2F 3-2: Strikes out swinging
|
Top of the 4th over - 0 runs, 1 hit, 0 errors, 1 left on base; Sioux Falls 1 - St. Cloud 0 |
BOTTOM OF THE 4TH |
St. Cloud Rox batting - Pitching for Sioux Falls Packers : LHP Miguel Reyes
|
Batting: RHB Douglas Morganti
|
0-0: Ball 1-0: Foul Ball, location: 2F 1-1: Ball 2-1: Ball 3-1: Called Strike 3-2: SINGLE (Groundball, 25, EV 72.5 MPH) (infield hit)
|
Batting: SHB R J Reynolds
|
0-0: Ball 1-0: Hit by Pitch Douglas Morganti to second
|
Batting: RHB Bill Worden
|
0-0: Ball 1-0: Ball 2-0: Ball 3-0: Called Strike 3-1: Foul Ball, location: 2F 3-2: Base on Balls Douglas Morganti to third R J Reynolds to second
|
Batting: RHB Domingos Maravilhas
|
0-0: Called Strike 0-1: Ball 1-1: Ball 2-1: Grounds into double play, 4-6-3 (Groundball, 4, EV 104.4 MPH) Douglas Morganti scores R J Reynolds to third
|
Batting: RHB Ron Gardenhire
|
0-0: Called Strike 0-1: Ball 1-1: Ball 2-1: Foul Ball, location: 2F 2-2: Ball 3-2: Strikes out swinging
|
Bottom of the 4th over - 1 run, 1 hit, 0 errors, 1 left on base; Sioux Falls 1 - St. Cloud 1 |
TOP OF THE 5TH |
Sioux Falls Packers batting - Pitching for St. Cloud Rox : RHP Tony Becerra
|
Batting: LHB Reggie West
|
0-0: Foul Ball, location: 2F 0-1: Ground out 4-3 (Groundball, 4, EV 83.8 MPH)
|
Batting: RHB Ben Amaya
|
0-0: Ball 1-0: SINGLE (Line Drive, 8RS, EV 103.8 MPH)
|
Batting: RHB Francisco Perez
|
0-0: Ball 1-0: Called Strike 1-1: Ball 2-1: Called Strike 2-2: Strikes out swinging
|
Batting: RHB Donald Devlin
|
0-0: Ball 1-0: Ball 2-0: Ground out 4-3 (Groundball, 34, EV 96.9 MPH)
|
Top of the 5th over - 0 runs, 1 hit, 0 errors, 1 left on base; Sioux Falls 1 - St. Cloud 1 |
BOTTOM OF THE 5TH |
St. Cloud Rox batting - Pitching for Sioux Falls Packers : LHP Miguel Reyes
|
Batting: RHB Ron Gooch
|
0-0: Ground out U3 (Groundball, 3, EV 87.5 MPH)
|
Batting: SHB Manny Galvez
|
0-0: Foul Ball, location: 2F 0-1: Ball 1-1: Fly out, F8 (Flyball, 8LD, EV 104.4 MPH)
|
Batting: RHB Carlos Amezcua
|
0-0: Called Strike 0-1: Ball 1-1: Foul Ball, location: 2F 1-2: Ball 2-2: Foul Ball, location: 2F 2-2: Strikes out swinging
|
Bottom of the 5th over - 0 runs, 0 hits, 0 errors, 0 left on base; Sioux Falls 1 - St. Cloud 1 |
TOP OF THE 6TH |
Sioux Falls Packers batting - Pitching for St. Cloud Rox : RHP Tony Becerra
|
Batting: RHB Javier Flores
|
0-0: Ball 1-0: Fly out, F8 (Flyball, 8LD, EV 74.4 MPH)
|
Batting: LHB Mike Aldrete
|
0-0: Ball 1-0: Foul Ball, location: 2F 1-1: Foul Ball, location: 2F 1-2: Fly out, F7 (Flyball, 7D, EV 94.4 MPH)
|
Batting: SHB Dan Hanggie
|
0-0: Fly out, F6 (Popup, 6S, EV 79.4 MPH)
|
Top of the 6th over - 0 runs, 0 hits, 0 errors, 0 left on base; Sioux Falls 1 - St. Cloud 1 |
BOTTOM OF THE 6TH |
St. Cloud Rox batting - Pitching for Sioux Falls Packers : LHP Miguel Reyes
|
Batting: LHB Tim Flannery
|
0-0: Called Strike 0-1: Ground out 3-1 (Groundball, 34S, EV 79.4 MPH)
|
Batting: RHB Douglas Morganti
|
0-0: Ball 1-0: Ball 2-0: Called Strike 2-1: Foul Ball, location: 2F 2-2: Foul Ball, location: 2F 2-2: Ball 3-2: Foul Ball, location: 2F 3-2: Base on Balls
|
Batting: SHB R J Reynolds
|
0-0: Foul Ball, location: 2F 0-1: Fly out, F8 (Line Drive, 8LD, EV 90.0 MPH)
|
Batting: RHB Bill Worden
|
0-0: Ball 1-0: Foul Ball, location: 2F 1-1: Ball 2-1: Fielders Choice at 2nd, 6-4 (Groundball, 56, EV 78.8 MPH)
|
Bottom of the 6th over - 0 runs, 0 hits, 0 errors, 1 left on base; Sioux Falls 1 - St. Cloud 1 |
TOP OF THE 7TH |
Sioux Falls Packers batting - Pitching for St. Cloud Rox : RHP Tony Becerra
|
Batting: LHB Randy Salava
|
0-0: Called Strike 0-1: Ball 1-1: Ball 2-1: Ball 3-1: Swinging Strike 3-2: Foul Ball, location: 2F 3-2: Base on Balls
|
Batting: SHB Gary Springer
|
0-0: Bunted foul 0-1: Bunt missed! 0-2: Ball 1-2: Ball 2-2: Ball 3-2: Base on Balls Randy Salava to second
|
Batting: LHB Reggie West
|
0-0: Swinging Strike 0-1: Ball 1-1: Ball 2-1: Called Strike 2-2: Fly out, F9 (Flyball, 9, EV 85.0 MPH)
|
Batting: RHB Ben Amaya
|
0-0: Ball Randy Salava steals 3rd base Gary Springer to second 1-0: Intentional Walk
|
Batting: RHB Francisco Perez
|
0-0: Called Strike 0-1: Swinging Strike 0-2: Ball 1-2: Fly out, F7 (Flyball, 7LS, EV 81.9 MPH)
|
Batting: RHB Donald Devlin
|
0-0: Foul Ball, location: 2F 0-1: Called Strike 0-2: Fly out, F9 (Flyball, 9, EV 76.9 MPH)
|
Top of the 7th over - 0 runs, 0 hits, 0 errors, 3 left on base; Sioux Falls 1 - St. Cloud 1 |
BOTTOM OF THE 7TH |
St. Cloud Rox batting - Pitching for Sioux Falls Packers : LHP Miguel Reyes
|
Batting: RHB Domingos Maravilhas
|
0-0: Swinging Strike 0-1: Called Strike 0-2: Ball 1-2: Strikes out looking
|
Batting: RHB Ron Gardenhire
|
0-0: Ball 1-0: Ball 2-0: Called Strike 2-1: Ball 3-1: Base on Balls
|
Batting: RHB Ron Gooch
|
0-0: Foul Ball, location: 2F 0-1: Ball 1-1: Foul Ball, location: 2F 1-2: Foul Ball, location: 2F 1-2: Ball 2-2: Ball Ron Gardenhire steals 2nd base (no throw) 3-2: Intentional Walk
|
Batting: SHB Manny Galvez
|
0-0: Ball 1-0: Foul Ball, location: 2F 1-1: Ball 2-1: Ball 3-1: Ground out 5-3 (Groundball, 56S, EV 73.1 MPH) Ron Gardenhire to third Ron Gooch to second
|
Batting: RHB Carlos Amezcua
|
0-0: DOUBLE (Groundball, 5L, EV 110.0 MPH) Ron Gardenhire scores Ron Gooch scores
|
Batting: LHB Tim Flannery
|
0-0: Fly out, F7 (Flyball, 78M, EV 90.0 MPH)
|
Bottom of the 7th over - 2 runs, 1 hit, 0 errors, 1 left on base; Sioux Falls 1 - St. Cloud 3 |
TOP OF THE 8TH |
Sioux Falls Packers batting - Pitching for St. Cloud Rox : RHP Tony Becerra
|
Batting: RHB Javier Flores
|
0-0: Ball 1-0: Foul Ball, location: 2F 1-1: Foul Ball, location: 2F 1-2: Ground out 3-1 (Groundball, 34S, EV 85.6 MPH)
|
Pitching: RHP Lawrence Crews
|
|
Batting: LHB Mike Aldrete
|
0-0: Called Strike 0-1: Fly out, F5 (Line Drive, 5, EV 70.0 MPH)
|
Batting: SHB Dan Hanggie
|
0-0: Called Strike 0-1: Ground out 4-3 (Groundball, 4, EV 78.8 MPH)
|
Top of the 8th over - 0 runs, 0 hits, 0 errors, 0 left on base; Sioux Falls 1 - St. Cloud 3 |
BOTTOM OF THE 8TH |
St. Cloud Rox batting - Pitching for Sioux Falls Packers : LHP Miguel Reyes
|
Batting: RHB Douglas Morganti
|
0-0: Called Strike 0-1: Ball 1-1: Swinging Strike 1-2: Ball 2-2: Foul Ball, location: 2F 2-2: Ball 3-2: Fly out, F7 (Flyball, 78D, EV 98.1 MPH)
|
Batting: SHB R J Reynolds
|
0-0: Called Strike 0-1: Swinging Strike 0-2: Ball 1-2: Foul Ball, location: 2F 1-2: Ball 2-2: Foul Ball, location: 2F 2-2: Ball 3-2: Base on Balls
|
Batting: RHB Bill Worden
|
0-0: Ball 1-0: Called Strike 1-1: Ball 2-1: Ball 3-1: Called Strike 3-2: Strikes out swinging
|
Batting: RHB Domingos Maravilhas
|
0-0: Ball 1-0: Ball 2-0: Called Strike 2-1: Ball 3-1: Fielders Choice at 2nd, 6-4 (Groundball, 6, EV 80.0 MPH)
|
Bottom of the 8th over - 0 runs, 0 hits, 0 errors, 1 left on base; Sioux Falls 1 - St. Cloud 3 |
TOP OF THE 9TH |
Sioux Falls Packers batting - Pitching for St. Cloud Rox : RHP Lawrence Crews
|
Pitching: RHP Mitch Zwolensky
|
|
Batting: LHB Randy Salava
|
0-0: Foul Ball, location: 2F 0-1: Called Strike 0-2: Fly out, F8 (Line Drive, 8RD, EV 88.8 MPH)
|
Batting: SHB Gary Springer
|
0-0: Ball 1-0: Ground out 6-3 (Groundball, 6D, EV 106.9 MPH)
|
Batting: LHB Reggie West
|
0-0: Called Strike 0-1: Foul Ball, location: 2F 0-2: Fly out, F3 (Line Drive, 3, EV 68.8 MPH)
|
Top of the 9th over - 0 runs, 0 hits, 0 errors, 0 left on base; Sioux Falls 1 - St. Cloud 3 |
|